 Dungeon Crawl Stone Soup version 0.17-a0-1946-gfb768fe (webtiles) character file.

9188 ololoev the Geomancer (level 11, -1/66 HPs)
             Began as a Kobold Earth Elementalist on Oct 1, 2015.
             Was a Believer of Vehumet.
             Slain by a spiny frog (13 damage)
             ... on level 1 of the Lair of Beasts.
             The game lasted 01:01:18 (13434 turns).

ololoev the Geomancer (Kobold Earth Elementalist)  Turns: 13434, Time: 01:01:18

Health: -1/66      AC:  6    Str: 13    XL:     11   Next: 69%
Magic:  2/22       EV: 16    Int: 16    God:    Vehumet [**....]
Gold:   461        SH:  0    Dex: 16    Spells: 4 memorised, 12 levels left

rFire  . . .     SeeInvis +     b - +1 dagger (elec)
rCold  . . .     Clarity  .     m - +0 robe
rNeg   + . .     SustAt   .     (shield restricted)
rPois  +         Gourm    .     e - +0 helmet
rElec  .         Spirit   .     k - +2 cloak {rPois}
rCorr  .         Warding  +     (no gloves)
rMut   .         Stasis   .     (no boots)
MR     .....                    v - amulet of warding
Stlth  ++........               L - ring of loudness (curse)
                                (no ring)

@: mighty, lethally poisoned (-1 -> -7), very slightly contaminated, not
resistant to hostile enchantments, unstealthy
A: see invisible, carnivore 3, regeneration 1
a: Renounce Religion


Innate Abilities, Weirdness & Mutations

You are small and have problems with some larger weapons.
You are carnivorous and can eat meat at any time.
You have supernaturally acute eyesight.
Your natural rate of healing is unusually fast.

Inventory:

Hand weapons
 b - a +1 dagger of electrocution (weapon)
Missiles
 a - 19 stones (quivered)
Armour
 e - a +0 helmet (worn)
 k - a +2 cloak of poison resistance (worn)
 m - a +0 robe (worn)
 s - a +0 buckler
Jewellery
 l - an uncursed ring of teleportation
 t - an uncursed ring of positive energy
 v - an amulet of warding (around neck)
 C - an uncursed amulet of clarity
 L - a cursed ring of loudness (right hand)
Scrolls
 f - 3 scrolls of remove curse
 g - a scroll of recharging
 n - 4 scrolls of fear {unknown}
 u - 3 scrolls of enchant weapon {unknown}
 y - a scroll of fog {unknown}
 G - 2 scrolls of enchant armour
 H - a scroll of blinking {unknown}
 I - a scroll of brand weapon {unknown}
 K - a scroll of holy word {unknown}
Potions
 h - a potion of lignification
 j - 2 potions of flight
 B - a potion of might
Books
 c - a book of Geomancy

   Spells                             Type                      Level
   a - Sandblast                      Earth                        1
   b - Stoneskin                      Transmutation/Earth          2
   c - Passwall                       Transmutation/Earth          3
   d - Stone Arrow                    Conjuration/Earth            3
   e - Petrify                        Transmutation/Earth          4
   f - Lee's Rapid Deconstruction     Earth                        5
Comestibles
 d - 5 meat rations
 r - 9 slices of pizza
 A - 7 beef jerkies
 F - 3 royal jellies


   Skills:
 - Level 6.5 Fighting
 - Level 3.1 Dodging
 - Level 2.6 Stealth
 + Level 7.6 Spellcasting
 * Level 6.2 Conjurations
 - Level 0.8 Transmutations
 * Level 7.4 Fire Magic
 - Level 10.4 Earth Magic


You had 12 spell levels left.
You knew the following spells:

 Your Spells              Type           Power        Failure   Level  Hunger
a - Sandblast             Erth           #####.       1%          1    None
b - Petrify               Trmt/Erth      ###.....     12%         4    ####...
c - Lee's Rapid Deconstr  Erth           #####.....   6%          5    #####..
d - Conjure Flame         Conj/Fire      ####....     1%          3    ##.....


You were on level 1 of the Lair of Beasts.
You worshipped Vehumet.
Vehumet was pleased with you.
You were very full.

You visited 3 branches of the dungeon, and saw 12 of its levels.

You collected 461 gold pieces.

.#....#.....####
.#....#.....
.#..........#
..........#.. .#....#
... ......#.# #.####
.#......# ##.†.# ## .
.#'###..# #...t####.#..
........#....#.F@.......
........##.###..........
.........###............
........................
.............###.#..###.
#.#.#..##....#./......#.
........#....#..........
........#....#........#.
........#....P........#

Notes
Turn   | Place    | Note
--------------------------------------------------------------
     0 | D:1      | ololoev the Kobold Earth Elementalist began the quest for the Orb.
     0 | D:1      | Reached XP level 1. HP: 10/10 MP: 3/3
   863 | D:1      | Reached XP level 2. HP: 15/15 MP: 3/5
  1600 | D:2      | Found a shattered altar of Ashenzari.
  1688 | D:2      | Reached XP level 3. HP: 19/19 MP: 0/6
  2201 | D:2      | Reached XP level 4. HP: 21/24 MP: 7/7
  2360 | D:2      | Reached skill level 4 in Earth Magic
  2612 | D:3      | Noticed Robin
  2766 | D:2      | Killed Robin
  3034 | D:3      | Reached XP level 5. HP: 28/28 MP: 5/9
  3161 | D:3      | Reached skill level 1 in Fighting
  3252 | D:3      | Noticed Uberwunderbarhen's ghost (average OpFi)
  3285 | D:3      | Killed Uberwunderbarhen's ghost
  3285 | D:3      | Reached skill level 5 in Earth Magic
  3285 | D:3      | Reached XP level 6. HP: 24/35 MP: 1/10
  3291 | D:3      | Learned a level 4 spell: Petrify
  3297 | D:3      | Learned a level 5 spell: Lee's Rapid Deconstruction
  3716 | D:3      | Noticed Jessica
  3724 | D:3      | Killed Jessica
  4070 | D:4      | Noticed dpvblackbelt's ghost (average MiGl)
  4274 | D:4      | Reached XP level 7. HP: 40/40 MP: 7/12
  4491 | D:4      | Found an iron altar of Okawaru.
  4522 | D:5      | Entered Level 5 of the Dungeon
  4564 | D:5      | Reached skill level 6 in Earth Magic
  4653 | D:5      | Found a sparkling altar of Nemelex Xobeh.
  4755 | D:5      | Found a sacrificial altar of Ru.
  4757 | D:5      | Found a white marble altar of Elyvilon.
  4761 | D:5      | Found a shimmering altar of Xom.
  5048 | D:5      | Reached XP level 8. HP: 46/48 MP: 14/14
  5465 | D:5      | Found Duubuq's Food Emporium.
  5465 | D:5      | Noticed a hungry ghost
  5555 | D:5      | Reached skill level 7 in Earth Magic
  5608 | D:5      | Killed a hungry ghost
  6013 | D:6      | Reached skill level 5 in Fighting
  6013 | D:6      | Reached skill level 8 in Earth Magic
  6184 | D:6      | Reached skill level 5 in Spellcasting
  6269 | D:6      | Found a staircase to the Ecumenical Temple.
  6271 | D:6      | Reached XP level 9. HP: 54/54 MP: 13/16
  6279 | Temple   | Entered the Ecumenical Temple
  6319 | Temple   | Became a worshipper of Vehumet
  6424 | D:6      | Noticed Crazy Yiuf
  6457 | D:6      | Killed Crazy Yiuf
  7020 | D:6      | Found an ancient bone altar of Kikubaaqudgha.
  7073 | D:7      | Noticed Duvessa
  7120 | D:7      | Killed Duvessa
  7130 | D:7      | Noticed Dowan
  7171 | D:7      | Killed Dowan
  7200 | D:7      | Gained mutation: You have supernaturally acute eyesight. [potion of beneficial mutation]
  7201 | D:7      | Gained mutation: Your natural rate of healing is unusually fast. [potion of beneficial mutation]
  7275 | D:7      | Found a blossoming altar of Fedhas.
  7350 | D:7      | Found a glowing golden altar of the Shining One.
  7477 | D:7      | Reached skill level 9 in Earth Magic
  7965 | D:8      | Acquired Vehumet's first power
  7965 | D:8      | Offered knowledge of Freeze by Vehumet.
  8082 | D:8      | Learned a level 3 spell: Conjure Flame
  8235 | D:8      | Reached skill level 1 in Conjurations
  8235 | D:8      | Reached skill level 1 in Fire Magic
  8235 | D:8      | Reached XP level 10. HP: 61/61 MP: 3/19
 10252 | D:9      | Reached skill level 10 in Earth Magic
 11585 | D:9      | Reached skill level 5 in Fire Magic
 11691 | D:9      | Reached XP level 11. HP: 48/66 MP: 8/21
 11800 | D:10     | Entered Level 10 of the Dungeon
 12013 | D:10     | Noticed a hill giant
 12023 | D:10     | Noticed Grum
 12026 | D:10     | Offered knowledge of Flame Tongue by Vehumet.
 12044 | D:10     | Killed Grum
 12217 | D:10     | Noticed Nergalle
 12441 | D:10     | Reached skill level 5 in Conjurations
 12599 | D:10     | Noticed a spectral orc warlord
 12974 | D:10     | Found a staircase to the Lair.
 12982 | Lair:1   | Entered Level 1 of the Lair of Beasts
 13211 | Lair:1   | HP: 4/99 [spiny frog (4)]
 13434 | Lair:1   | Slain by a spiny frog

Dungeon Overview and Level Annotations

Branches:
Dungeon (10/15)            Temple (1/1) D:6            Lair (1/8) D:10
    Orc: D:9-12

Altars:
Ashenzari
Elyvilon
Fedhas
Kikubaaqudgha
Makhleb
Nemelex Xobeh
Okawaru
Ru
Sif Muna
Vehumet
Xom
Yredelemnul
Zin
The Shining One

Shops:
D:5 %

Annotations:
D:4 dpvblackbelt's ghost, average MiGl
D:10 Nergalle


Message History

The spiny frog is moderately wounded.
The blast of petrified fragments hits the crocodile.
The crocodile is moderately wounded.
The blast of petrified fragments hits the spiny frog.
The spiny frog is heavily wounded.
The spiny frog barely misses you.
Unknown command.
Casting: Lee's Rapid Deconstruction
Confirm with . or Enter, or press ? or * to list all spells.
Aiming: Sandblast
Press: ? - help, Shift-Dir - straight line, f - crocodile, p - spiny frog
Aim: a crocodile (moderately wounded)
The blast of sand hits the spiny frog.
The spiny frog is heavily wounded.
The spiny frog misses you. The crocodile bites you!
Drink which item? (? for menu, Esc to quit)
You feel very mighty all of a sudden. The spiny frog stings you!
The crocodile bites you!
Wield which item (- for none, * to show all)? (? for menu, Esc to quit)
Okay, then.
You puncture the spiny frog!
There is a sudden explosion of sparks!
You kill the spiny frog!
Vehumet accepts your kill.
You feel your power returning.
The crocodile bites you but does no damage.
You barely miss the crocodile.
The crocodile is moderately wounded.
The crocodile misses you.
You hit the crocodile.
The crocodile is heavily wounded.
The crocodile barely misses you.
You puncture the crocodile!
The crocodile is almost dead.
The spiny frog is no longer petrified.
The spiny frog stings you!!
You are poisoned.
The spiny frog poisons you! The crocodile barely misses you.
You hit the crocodile.
The crocodile is almost dead.
You feel sick. The spiny frog stings you!
You die...

You could see a spiny frog and a crocodile.

Vanquished Creatures
  6 spiny frogs (Lair:1)
  3 trolls
  2 two-headed ogres
  A snapping turtle (D:8)
  3 yaks (D:10)
  A hungry ghost (D:5)
  A deep elf mage (D:9)
  3 hippogriffs
  A human (D:8)
  Grum (D:10)
  The ghost of Uberwunderbarhen the Ducker, an average OpFi (D:3)
  A water moccasin (Lair:1)
  Duvessa (D:7)
  5 wolves (D:10)
  A black bear (D:8)
  A porcupine (Lair:1)
  3 ogres
  A sky beast (D:6)
  2 ice beasts
  3 phantoms
  A crocodile (Lair:1)
  5 centaurs
  3 giant frogs
  Dowan (D:7)
  A water moccasin skeleton (D:8)
  3 scorpions
  14 killer bees
  4 crimson imps
  5 electric eels (D:8)
  A giant frog zombie (D:9)
  A centaur skeleton (D:4)
  Crazy Yiuf (D:6)
  4 giant frog skeletons
  3 iguanas
  2 orc priests
  A hound (D:8)
  2 jellies
  3 orc wizards
  Jessica (D:3)
  6 worker ants
  4 sheep (D:8)
  A hound zombie (D:5)
  2 worker ant zombies (D:7)
  Robin (D:2)
  17 gnolls
  10 adders
  3 shadow imps
  2 oozes
  3 worms
  3 giant geckos
  22 orcs
  6 giant cockroaches
  7 hobgoblins
  11 kobolds
  A quokka (D:5)
  A ball python skeleton (D:4)
  6 bats
  5 giant newts
  9 goblins
  A jackal zombie (D:7)
  9 rats
  A rat zombie (D:6)
228 creatures vanquished.

Vanquished Creatures (others)
  A fungus (Lair:1)
  2 plants (D:8)
3 creatures vanquished.

Grand Total: 231 creatures vanquished

Action                   |  1- 3 |  4- 6 |  7- 9 | 10-12 || total
-------------------------+-------+-------+-------+-------++-------
Melee: Unarmed           |    12 |       |       |       ||    12
       Dagger            |    24 |    56 |    12 |    48 ||   140
 Fire: Blowgun           |       |     6 |    74 |     8 ||    88
 Cast: Sandblast         |    49 |    80 |   120 |   166 ||   415
       Lee's Rapid Decon |       |       |    10 |    45 ||    55
       Petrify           |       |       |     2 |    24 ||    26
       Conjure Flame     |       |       |       |     4 ||     4
 Abil: Evoke Teleportati |       |     1 |       |       ||     1
Evoke: Wand              |       |       |       |     9 ||     9
  Use: Scroll            |     3 |       |    10 |     6 ||    19
       Potion            |     1 |     1 |     2 |    10 ||    14
 Stab: Sleeping          |     1 |     4 |    21 |       ||    26
       Paralysed         |       |       |       |    33 ||    33
       Invisible         |       |       |       |     3 ||     3
  Eat: Chunk             |     5 |    14 |    14 |    35 ||    68
       Royal jelly       |     1 |       |       |       ||     1

Vault maps used:
D:1:      kilobyte_arrival_exit_the_forest
D:2:      first_bread, evilmike_ruin_ashenzari
D:3:      kennysheep_big_flooded_room, uniq_robin, uniq_jessica
D:4:      okawaru_ov_weapons_minmay
D:5:      minitemple, serial_shops, nicolae_shop_scaring_up_business
D:6:      lemuel_zombie_altar_kikubaaqudgha, minmay_temple_entry_trees,
          uniq_crazy_yiuf_cottage
D:7:      kennysheep_mini, hangedman_decor_lopped, fedhas_altar_2, uniq_duvessa
D:8:      wad_bat_island, grunt_livestock
D:10:     lair_0_dummy, erik_orc_1, uniq_grum, uniq_nergalle
Temple:   oiseaux_autumnal_temple_12
Lair:1:   beast_lair_carwin_1
